 Dungeon Crawl Stone Soup version 0.22-a0-570-g58866f5d57 (webtiles) character file.

151 Oirien the Chopper (level 5, 0/42 HPs)
             Began as a Demonspawn Abyssal Knight on June 30, 2018.
             Was a Believer of Lugonu.
             Killed from afar by an orc wizard (3 damage)
             ... with a magic dart
             ... on level 4 of the Dungeon.
             The game lasted 00:16:25 (4393 turns).

Oirien the Chopper (Demonspawn Abyssal Knight)      Turns: 4393, Time: 00:16:25

Health: 0/42       AC: 10    Str: 14    XL:     5   Next: 10%
Magic:  5/7        EV:  6    Int: 13    God:    Lugonu [**....]
Gold:   159        SH:  0    Dex: 12    Spells: 4/4 levels left

rFire    + . .     SeeInvis .   a - +1 hand axe
rCold    . . .     Gourm    .   (no shield)
rNeg     . . .     Faith    .   r - +0 chain mail
rPois    .         Spirit   .   (no helmet)
rElec    .         Reflect  .   (no cloak)
rCorr    .         Harm     .   (no gloves)
MR       .....                  (no boots)
Stlth    ..........             (no amulet)
HPRegen  0.14/turn              (no ring)
MPRegen  0.10/turn              (no ring)

@: no status effects
A: slimy green scales 1, fire resistance 1
a: Depart the Abyss, Bend Space, Renounce Religion


You were on level 4 of the Dungeon.
You worshipped Lugonu.
Lugonu was pleased with you.
You were very hungry.

You visited 1 branch of the dungeon, and saw 4 of its levels.
You visited the Abyss 1 time.

You collected 159 gold pieces.

Inventory:

Hand Weapons
 a - a +1 hand axe (weapon)
Armour
 r - a +0 chain mail (worn)
Jewellery
 j - an uncursed ring of stealth {unknown}
Scrolls
 b - 3 scrolls of identify
 f - a scroll of enchant weapon {unknown}
 g - a scroll of noise {unknown}
 h - 2 scrolls of magic mapping
 i - a scroll of fear {unknown}
 n - 4 scrolls of teleportation
 q - a scroll of remove curse
Potions
 d - 2 potions of agility {unknown}
 e - a potion of might {unknown}
 k - a potion of flight {unknown}
 l - 2 potions of heal wounds
 o - a potion of degeneration {unknown}
 p - a potion of curing {unknown}
Comestibles
 c - 5 rations


   Skills:
 + Level 3.8 Fighting
 * Level 4.1 Axes
 - Level 1.9 Armour
 - Level 1.0 Dodging
 + Level 2.7 Invocations


You had 4 spell levels left.
You didn't know any spells.
Your spell library was empty.

Dungeon Overview and Level Annotations

Branches:
Dungeon (4/15)
 Temple: D:4-7

Altars:
Nemelex Xobeh


Innate Abilities, Weirdness & Mutations

You are partially covered in slimy green scales. (AC +2)
Your flesh is heat resistant. (rF+)


Message History

Beogh smites you! Something hits you. Space bends around you!
You blink.
The orc priest hits you but does no damage.
The orc wizard casts a spell at you. The magic dart hits you!
The orc priest completely misses you.
You fail to use your ability.
The orc wizard gestures at you while chanting.
The magic dart hits you! The orc priest hits you with a club.
* * * LOW HITPOINT WARNING * * *
The orc wizard casts a spell at you. The magic dart hits you!
* * * LOW HITPOINT WARNING * * *
Space bends around you!
You blink.
The orc wizard gestures at you while chanting.
The magic dart hits you!
* * * LOW HITPOINT WARNING * * *
The orc wizard points at you and mumbles some strange words.
The magic dart hits you!
You die...

# ##.....#.....##
###....< #
###........###.....
###### ## ###.......####
#####. .####..........#
.##............##
(...............#
................##
.................##
##..............@.##
##...............^## .#
##...........##...## ..#
#.........#####...##...##
#.........# ##oo.......
##.........# ##...###....
###...#......####...## ..
......###.....##.o###
......####.......o#


You could see an orc priest and an orc wizard.

Vanquished Creatures
  A scorpion (D:4)
  2 adders (D:2)
  3 worms
  3 dart slugs
  4 leopard geckos (D:2)
  2 orcs
  5 giant cockroaches
  4 goblins
  8 hobgoblins (D:1)
  3 jackals (D:2)
  2 quokkas (D:3)
  A ball python (D:1)
  6 bats
  5 frilled lizards
  3 kobolds
  6 rats
  A bush (D:1)
59 creatures vanquished.

Notes
Turn   | Place    | Note
-------+----------+-------------------------------------------
     0 | Abyss:1  | Oirien the Demonspawn Abyssal Knight began the quest for the Orb.
     0 | Abyss:1  | Reached XP level 1. HP: 18/18 MP: 2/2
    17 | D:1      | Escaped the Abyss
   191 | D:1      | Reached skill level 2 in Axes
   200 | D:1      | Gained mutation: Your flesh is heat resistant. (rF+) [demonic ancestry]
   200 | D:1      | Reached XP level 2. HP: 24/24 MP: 3/3
   509 | D:1      | Reached skill level 1 in Dodging
   562 | D:1      | Reached ** piety under Lugonu
   878 | D:1      | Reached XP level 3. HP: 25/29 MP: 5/5
  2288 | D:2      | Reached skill level 3 in Axes
  2386 | D:2      | Gained mutation: You are partially covered in slimy green scales. (AC +2) [demonic ancestry]
  2386 | D:2      | Reached XP level 4. HP: 34/37 MP: 6/6
  2411 | D:2      | Found a sparkling altar of Nemelex Xobeh.
  3917 | D:4      | Reached skill level 4 in Axes
  3917 | D:4      | Reached XP level 5. HP: 12/42 MP: 7/7
  4390 | D:4      | HP: 2/42 [orc wizard/magic dart (3)]
  4393 | D:4      | Killed from afar by an orc wizard

Vault maps used:
D:1:      saegor_arrival_simple_e, serial_forest,
          infiniplex_forest_lined_corner, infiniplex_forest_straight_5,
          infiniplex_forest_pool, infiniplex_forest_lined_2,
          infiniplex_forest_lined_1, infiniplex_forest_clump_long,
          minmay_tetromino_s2
D:2:      nemelex_altar_shiori
D:3:      minmay_misc_feat_diagonals
D:4:      minmay_temple_entry_steel_oval, first_ration, grunt_ministairs_9,
          dk_vineyard_3, minmay_crossroads

Skill      XL: |  1  2  3  4 |
---------------+-------------+-----
Axes           | 2 3 4 |  4.1
Dodging        | 1 |  1.0
Fighting       | |  3.8
Armour         | |  1.9
Invocations    | |  2.7

Action                   |  1- 3 |  4- 6 || total
-------------------------+-------+-------++-------
Melee: Hand axe          |   299 |    81 ||   380
Invok: Bend Space        |       |     5 ||     5
  Use: Scroll            |       |     4 ||     4
 Stab: Sleeping          |     1 |       ||     1
  Eat: Chunk             |     5 |     2 ||     7
       Ration            |       |     1 ||     1
Armor: Leather armour    |    40 |    11 ||    51
       Chain mail        |       |    14 ||    14
Dodge: Dodged            |    93 |    48 ||   141

Table legend:
 A = Spawn XP
 B = Non-spawn XP
 C = Spawn XP percentage of total XP
 D = Spawn monster count
 E = Non-spawn monster count
 F = Spawn count percentage of total count
 G = Total turns spent on level
                    A         B        C        D         E        F      G
               +---------+---------+-------+---------+---------+-------+---------
         Total |       0 |     216 |   0.0 |       0 |      58 |   0.0 |  4393
               +---------+---------+-------+---------+---------+-------+---------
           D:1 |       0 |      41 |   0.0 |       0 |      24 |   0.0 |  1248
           D:2 |       0 |      71 |   0.0 |       0 |      21 |   0.0 |  1496
           D:3 |       0 |      26 |   0.0 |       0 |      10 |   0.0 |  1101
           D:4 |       0 |      78 |   0.0 |       0 |       3 |   0.0 |   531
               +---------+---------+-------+---------+---------+-------+---------
